 Dungeon Crawl Stone Soup version 0.31-a0-876-gfe8ebadbca (webtiles) character file.

Game seed: 2495894800764870732

51 Ahpoh the Slasher (level 3, -3/27 HPs)
             Began as a Demonspawn Gladiator on Oct 13, 2023.
             Slain by an orc priest
             ... wielding a +0 flail
              (4 damage)
             ... on level 2 of the Dungeon.
             The game lasted 00:03:30 (1785 turns).

Ahpoh the Slasher (Demonspawn Gladiator)            Turns: 1785, Time: 00:03:30

Health: -3/27      AC:  6    Str: 14    XL:     3   Next: 58%
Magic:  3/3        EV:  8    Int:  9    God:
Gold:   73         SH:  0    Dex: 16    Spells: 2/2 levels left

rFire   . . .        a - +0 long sword
rCold   . . .        (no shield)
rNeg    . . .        o - +0 ring mail
rPois   +            c - +0 helmet
rElec   .            (no cloak)
rCorr   .            (no gloves)
SInv    .            (no boots)
Will    .....        (no amulet)
Stlth   +            m - ring of poison resistance
HPRegen 0.24/turn    (no ring)
MPRegen 0.08/turn

%: no passive effects
@: brilliant, constricted
A: weakness stinger 1
a: no special abilities


You were on level 2 of the Dungeon.
You visited 1 branch of the dungeon, and saw 3 of its levels.

You collected 73 gold pieces.

Inventory:

Hand Weapons
 a - a +0 long sword (weapon)
 j - a +0 spear
Missiles
 d - 3 throwing nets (quivered)
 e - a javelin
 f - 6 atropa-tipped darts
 k - 5 darts of dispersal
Armour
 c - a +0 helmet (worn)
 o - a +0 ring mail (worn)
Jewellery
 m - a ring of poison resistance (left hand)
Scrolls
 g - 3 scrolls of blinking {unknown}
 h - 2 scrolls of teleportation {unknown}
 l - a scroll of enchant weapon {unknown}
Potions
 n - a potion of brilliance


   Skills:
 + Level 2.2 Fighting
 + Level 3.3 Long Blades
 + Level 1.8 Throwing
 + Level 1.1 Armour
 + Level 3.2 Dodging


You had 2 spell levels left.
You didn't know any spells.
Your spell library contained the following spells:

 Spells                   Type           Power      Damage    Failure   Level
 Freeze                   Ice            0%         1d3       63%         1
 Frozen Ramparts          Ice            0%         1d1       94%         3
 Hailstorm                Conj/Ice       0%         3d3       94%         3


Dungeon Overview and Level Annotations

Branches:
Dungeon (3/15)

Altars:


Innate Abilities, Weirdness & Mutations

You have a small tail.


Message History

The orc priest hits you with a +0 flail.
The ball python bites you. The ball python constricts you.
You feel better. The orc hits you with a +0 short sword.
The orc priest hits you with a +0 flail.
The ball python closely misses you. The ball python constricts you.
You hit the orc priest.
The orc priest is moderately wounded.
The ball python bites you but does no damage.
The ball python constricts you. The orc hits you with a +0 short sword.
The orc priest hits you with a +0 flail.
You hit the orc priest.
The orc priest is heavily wounded.
The ball python bites you but does no damage.
The ball python constricts you. The orc hits you but does no damage.
The orc priest hits you with a +0 flail.
* * * LOW HITPOINT WARNING * * *
The ball python bites you.
* * * LOW HITPOINT WARNING * * *
The ball python constricts you.
You closely miss the ball python. The orc barely misses you.
The orc priest looks encouraged for a moment.
The ball python bites you but does no damage.
The ball python constricts you. The orc hits you but does no damage.
The orc priest closely misses you.
You barely miss the ball python. The ball python barely misses you.
The ball python constricts you.
* * * LOW HITPOINT WARNING * * *
The orc hits you with a +0 short sword.
* * * LOW HITPOINT WARNING * * *
The orc priest hits you but does no damage.
The ball python closely misses you. The ball python constricts you.
It was a potion of brilliance.
You feel clever all of a sudden. The ball python bites you.
* * * LOW HITPOINT WARNING * * *
The ball python constricts you.
* * * LOW HITPOINT WARNING * * *
The orc hits you but does no damage.
The orc priest hits you with a +0 flail.
You die...

##.. ##.## ##.## #########...##
#......<..#... #.#######..(## #.#
##.## ##########.# #..##
#....o@S##.###### #.#..
####.#####o..<.....# #.### #....#
####.####.# #.# # ### #.#### #.#
##.###.# ###.####.# #.# #......#
.#.#.##.############## ##########
#.###..####~~~~≈≈~~~~### ###~.
##.#..## #~~~~≈~~~~~~~~## ##~~~~
#...##.####~~~≈~~~~~~~#.####.#~~~


You could see an orc priest, an orc and a ball python.

Vanquished Creatures
  2 adders (D:2)
  A dart slug (D:2)
  An orc (D:2)
  A ball python (D:2)
  4 bats
  2 endoplasms (D:2)
  2 goblins (D:1)
  A hobgoblin (D:1)
  6 jackals
  2 quokkas
  A frilled lizard (D:1)
  6 rats (D:2)
29 creatures vanquished.

Notes
Turn   | Place    | Note
-------+----------+-------------------------------------------
     0 | D:1      | Ahpoh the Demonspawn Gladiator began the quest for the Orb.
     0 | D:1      | Reached XP level 1. HP: 16/16 MP: 1/1
    59 | D:1      | Found a faded altar of an unknown god.
   333 | D:1      | Gained mutation: You have a small tail. [demonic ancestry]
   333 | D:1      | Reached XP level 2. HP: 17/22 MP: 2/2
   975 | D:2      | Reached XP level 3. HP: 27/27 MP: 3/3
  1326 | D:2      | Reached skill level 1 in Armour
  1776 | D:2      | HP: 1/27 [orc priest/divine providence (8)]
  1785 | D:2      | HP: 1/27 [constriction (1)]
  1785 | D:2      | Slain by an orc priest

Illustrated notes

Levels and vault maps discovered:
D:1:      dpeg_arrival_stone_temple_mockup, layout_basic,
          ebering_ecumenical_altar_abandoned, chequers_serial_rivers_micro_d,
          corexii_leaking_fountain, amethyst_killhole
D:2:      wad_lake_hut, layout_loops_ring
D:3:      layout_loops_ring, minmay_hedge_maze

Skill      XL: |  1  2  3 |
---------------+----------+-----
Dodging        | 3 |  3.2
Long Blades    | 3 |  3.3
Armour         | 1 |  1.1
Fighting       | |  2.2
Throwing       | |  1.8

Action                     || total
---------------------------++-------
  Melee: Long sword        ||   102
         Tailslap          ||     9
    Use: Potion            ||     4
 Armour: Leather armour    ||    75
         Ring mail         ||    41
  Dodge: Dodged            ||   119

Table legend: (Time is in decaauts)
 A = Elapsed time spent in this place.
 B = Non-inter-level travel time spent in this place.
 C = Inter-level travel time spent in this place.
 D = Time resting spent in this place.
 E = Time spent auto-exploring this place.
 F = Levels seen in this place.
 G = Mean time per level.
                   A        B        C        D        E       F      G
               +--------+--------+--------+--------+--------+-----+--------+
         Total |   1860 |   1763 |     97 |      0 |   1309 |   3 |  620.0 |
       Dungeon |   1860 |   1763 |     97 |      0 |   1309 |   3 |  620.0 |
               +--------+--------+--------+--------+--------+-----+--------+

Top non-repeatable levels by time:
     D:2: 1078 daAuts
     D:1: 777 daAuts
     D:3: 4 daAuts
